[Event "Titled Tuesday Blitz June 6 Early 2023"]
[White "LionKing2367890"]
[Black "Devaev, Alexander"]
[BlackFideId "4169395"]
[WhiteElo "2122"]
[BlackElo "2172"]
[Result "1-0"]
[Round "1"]
[TimeControl "180+2"]
[Date "2023.06.06"]
[WhiteClock "0:00:20"]
[BlackClock "0:00:05"]
[Board "197"]

1. e4 c6 2. d4 d5 3. e5 Bf5 4. Nc3 Qb6 5. Bd3 Bxd3 6. Qxd3 e6 7. Nge2 c5 8. Be3 c4 9. Qd2 Nc6 10. O-O Nge7 11. b3 cxb3 12. axb3 Nf5 13. Na4 Qc7 14. Bf4 Be7 15. c3 O-O 16. g4 Nh4 17. Qe3 b5 18. Nb2 a5 19. Bg3 b4 20. Rac1 bxc3 21. Rxc3 Qb6 22. f4 h6 23. f5 Bg5 24. Bf4 Bxf4 25. Qxf4 Ne7 26. Na4 Qb4 27. Qg3 g5 28. f6 Neg6 29. Nc5 Rac8 30. Rfc1 Qb8 31. Nd7 Rxc3 32. Rxc3 Qb4 33. Nxf8 Nxf8 34. Qd3 a4 35. Kf2 a3 36. Nc1 Nhg6 37. Na2 Qa5 38. Rc5 Qa7 39. Qc3 Nf4 40. Rc8 Ng6 41. Qc5 Qa6 42. Qc2 Qb5 43. Ra8 Qb6 44. Qc3 Nf4 45. Rxa3 Qb5 46. Nc1 Qb6 47. Ra8 Ng6 48. Qc5 Qb7 49. Rc8 Qa6 50. b4 Qa1 51. Qc3 Qb1 52. Qb3 Qe4 53. Qe3 Qxg4 54. b5 Qf5+ 55. Ke2 Qb1 56. Qb3 Nf4+ 57. Kd2 Qe4 58. Qe3 Qg2+ 59. Kc3 Qf1 60. Nd3 Qa1+ 61. Kc2 Qa2+ 62. Kd1 Qb1+ 63. Nc1 Qxb5 64. Qa3 Qf1+ 65. Kd2 Qf2+ 66. Kd1 Ng6 67. Qd6 Qxd4+ 68. Kc2 Qc4+ 69. Rxc4 dxc4 70. Kc3 Nf4 71. Kxc4 N8g6 72. Nd3 Ne2 73. Qd8+ Kh7 74. Qe8 Nh8 75. Qf8 Kg6 76. Qg7+ Kh5 77. Qxh8 1-0


[Site "https://www.chess.com"]

[Event "Titled Tuesday Blitz June 6 Early 2023"]
[White "Richter, Paul"]
[Black "Naguleswaran, Annorjan"]
[WhiteFideId "2046350"]
[BlackFideId "2093197"]
[WhiteElo "2524"]
[BlackElo "2108"]
[Result "1-0"]
[Round "1"]
[TimeControl "180+2"]
[Date "2023.06.06"]
[WhiteClock "0:00:06"]
[BlackClock "0:00:02"]
[Board "198"]

1. e4 e5 2. Nf3 Nc6 3. Bb5 Nf6 4. d3 d6 5. c3 Bd7 6. O-O g6 7. d4 Bg7 8. d5 Ne7 9. Bxd7+ Qxd7 10. Qd3 O-O 11. c4 Ne8 12. Nc3 f5 13. Ne1 fxe4 14. Nxe4 Qf5 15. f3 Nf6 16. Nc2 c6 17. Ne3 Qd7 18. dxc6 Qxc6 19. Qxd6 Nxe4 20. Qxc6 Nxc6 21. fxe4 Nd4 22. Bd2 Bh6 23. Rad1 Rad8 24. Rxf8+ Kxf8 25. Nd5 Bxd2 26. Rxd2 Rc8 27. b3 Kg7 28. h3 b5 29. cxb5 Nxb5 30. Nb4 Rc1+ 31. Kh2 Nd4 32. Rf2 a5 33. Nd3 Ra1 34. Nxe5 a4 35. bxa4 Ne6 36. a5 Nc5 37. Rf7+ Kh6 38. Rc7 Nxe4 39. Ng4+ Kg5 40. Rxh7 Rxa2 41. Ra7 Nd2 42. Ne3 Kf4 43. Nd5+ Ke5 44. Nc3 Rc2 45. Nd1 Nf1+ 46. Kg1 Nd2 47. a6 Rc1 48. Re7+ Kf4 49. Re1 Nc4 50. Rf1+ Kg3 51. Ne3 1-0


[Site "https://www.chess.com"]

[Event "Titled Tuesday Blitz June 6 Early 2023"]
[White "Lakshmi C"]
[Black "Huber, Benedikt"]
[WhiteFideId "25035347"]
[BlackFideId "12923583"]
[WhiteElo "1942"]
[BlackElo "2215"]
[Result "0-1"]
[Round "1"]
[TimeControl "180+2"]
[Date "2023.06.06"]
[WhiteClock "0:00:01"]
[BlackClock "0:00:26"]
[Board "199"]

1. e4 c5 2. Nf3 e6 3. d4 cxd4 4. Nxd4 Nc6 5. Nc3 Qc7 6. a3 a6 7. Be3 Nf6 8. Be2 b5 9. O-O Bb7 10. Bf3 Ne5 11. Bf4 Nxf3+ 12. Qxf3 e5 13. Bg3 d6 14. Nf5 g6 15. Ne3 Bg7 16. Bh4 Nh5 17. Ned5 Bxd5 18. Nxd5 Qb7 19. Be7 Qd7 20. Rad1 Ra7 21. g4 Nf4 22. Bxd6 Qxd6 23. Nxf4 Qf6 24. Qd3 O-O 25. Nd5 Qg5 26. Qe3 Qxg4+ 27. Kh1 Qh5 28. Qxa7 Qf3+ 29. Kg1 Qg4+ 30. Kh1 Bh6 31. f3 Qh3 32. Nf6+ Kg7 33. Ng4 Qh5 34. Qe7 Bf4 35. Qf6+ Kg8 36. Qe7 f5 0-1


[Site "https://www.chess.com"]

[Event "Titled Tuesday Blitz June 6 Early 2023"]
[White "Chylewski, Patryk"]
[Black "Delorme, Alban"]
[WhiteFideId "1186191"]
[BlackFideId "623636"]
[WhiteElo "2163"]
[BlackElo "2196"]
[Result "1-0"]
[Round "1"]
[TimeControl "180+2"]
[Date "2023.06.06"]
[WhiteClock "0:00:57"]
[BlackClock "0:00:58"]
[Board "200"]

1. e4 c5 2. Nf3 d6 3. c3 Nf6 4. h3 g6 5. Bd3 Bg7 6. Bc2 O-O 7. O-O Nc6 8. d4 e5 9. dxc5 dxc5 10. Be3 Qe7 11. Nbd2 b6 12. Qe2 a5 13. Bd3 Rd8 14. Rfd1 Bb7 15. Bg5 Rd7 16. Nc4 b5 17. Nb6 c4 18. Nxd7 cxd3 19. Qxd3 Rd8 20. Nxf6+ Bxf6 21. Bxf6 Qxf6 22. Qxb5 Qe7 23. Rxd8+ Nxd8 24. Qxe5 Qd7 25. Qd4 Qe7 26. Re1 Ne6 27. Qe5 f6 28. Qxa5 Qd6 29. Qb4 Qd7 30. Nd4 Nf4 31. Qb5 Qc7 32. Qe8+ Kg7 33. Ne6+ Nxe6 34. Qxe6 Bc8 35. Qd5 Qf4 36. e5 f5 37. e6 Kf6 38. e7 1-0


[Site "https://www.chess.com"]

[Event "Titled Tuesday Blitz June 6 Early 2023"]
[White "Aung Thant Zin"]
[Black "Sharapov, Evgeny"]
[WhiteFideId "13000063"]
[BlackFideId "14103133"]
[WhiteElo "2278"]
[BlackElo "2367"]
[Result "0-1"]
[Round "1"]
[TimeControl "180+2"]
[Date "2023.06.06"]
[WhiteClock "0:00:13"]
[BlackClock "0:00:53"]
[Board "201"]

1. e4 c5 2. Nf3 d6 3. Bb5+ Nd7 4. O-O Nf6 5. Re1 e5 6. c3 Be7 7. d4 Qc7 8. a4 O-O 9. Nbd2 a6 10. Bf1 b6 11. Nc4 Bb7 12. d5 b5 13. Ncd2 c4 14. b3 cxb3 15. Qxb3 Nc5 16. Qa3 Nxa4 17. c4 Nc5 18. cxb5 axb5 19. Qb2 Rxa1 20. Qxa1 b4 21. Qb1 Rb8 22. Nb3 Nxb3 23. Qxb3 Nd7 24. Be3 Nc5 25. Qb1 Bc8 26. Rc1 Bg4 27. Bxc5 dxc5 28. Nd2 Bd6 29. f3 Bd7 30. Bc4 h6 31. Nb3 Ra8 32. Qd3 Ra3 33. Qb1 Qa7 34. Nd2 Ba4 35. Kh1 Kh7 36. Bb3 Bxb3 37. Nxb3 c4 38. Rxc4 Rxb3 0-1


[Site "https://www.chess.com"]

[Event "Titled Tuesday Blitz June 6 Early 2023"]
[White "Reprintsev, Alexander"]
[Black "Maluco_do_Natal_00"]
[WhiteFideId "14100541"]
[WhiteElo "2229"]
[BlackElo "2073"]
[Result "1-0"]
[Round "1"]
[TimeControl "180+2"]
[Date "2023.06.06"]
[WhiteClock "0:01:14"]
[BlackClock "0:00:08"]
[Board "202"]

1. e4 c5 2. Nf3 Nc6 3. Bb5 e6 4. Bxc6 bxc6 5. e5 f6 6. exf6 Nxf6 7. d4 Ba6 8. b3 Be7 9. c4 O-O 10. O-O cxd4 11. Nxd4 c5 12. Nb5 Qb6 13. N1c3 d5 14. Re1 d4 15. Ne4 Nxe4 16. Rxe4 Bxb5 17. cxb5 Rae8 18. Qe2 Bd6 19. a4 e5 20. Bd2 Rf5 21. f3 c4 22. Qxc4+ Kh8 23. a5 Qb7 24. Qc6 Qxc6 25. bxc6 Rc8 26. Rc1 Kg8 27. b4 a6 28. Rc4 Rf7 29. Re1 Rfc7 30. Rec1 Kf7 31. Kf2 Ke6 32. f4 Kd5 33. fxe5 Bxe5 34. Rc5+ Ke6 35. Re1 Rf7+ 36. Kg1 Rf5 37. g4 1-0


[Site "https://www.chess.com"]

[Event "Titled Tuesday Blitz June 6 Early 2023"]
[White "Torres Dominguez, David"]
[Black "Arat, Ufuk Sezen"]
[WhiteFideId "2220857"]
[BlackFideId "6309089"]
[WhiteElo "1999"]
[BlackElo "2289"]
[Result "0-1"]
[Round "1"]
[TimeControl "180+2"]
[Date "2023.06.06"]
[WhiteClock "0:01:55"]
[BlackClock "0:02:10"]
[Board "203"]

1. e4 c5 2. Nc3 e6 3. f4 d5 4. Nf3 Nc6 5. Bb5 d4 6. Bxc6+ bxc6 7. Ne2 d3 8. cxd3 Qxd3 9. Nc3 Bd6 10. Qe2 Ba6 11. e5 Be7 12. Kf2 Nh6 13. Re1 Rd8 14. h3 Nf5 15. g4 Nd4 16. Qxd3 Bxd3 17. Nxd4 Bh4+ 18. Ke3 cxd4+ 19. Kxd3 dxc3+ 20. Kxc3 Bxe1 0-1


[Site "https://www.chess.com"]

[Event "Titled Tuesday Blitz June 6 Early 2023"]
[White "Ronka, Erik"]
[Black "Joubert, Dantelle"]
[WhiteFideId "505080"]
[BlackFideId "14310813"]
[WhiteElo "2264"]
[BlackElo "1507"]
[Result "1-0"]
[Round "1"]
[TimeControl "180+2"]
[Date "2023.06.06"]
[WhiteClock "0:00:48"]
[BlackClock "0:00:02"]
[Board "204"]

1. e4 c5 2. Nf3 d6 3. Bb5+ Bd7 4. Bxd7+ Nxd7 5. O-O Ngf6 6. Qe2 g6 7. c3 Bg7 8. d4 cxd4 9. cxd4 O-O 10. Nc3 e6 11. Bg5 Qa5 12. a3 a6 13. b4 Qc7 14. Rac1 Qb6 15. e5 dxe5 16. dxe5 Ng4 17. Bf4 Rad8 18. h3 Nh6 19. Bg5 Rc8 20. Ne4 Nf5 21. Rcd1 Nxe5 22. Nxe5 Bxe5 23. Nf6+ Bxf6 24. Bxf6 Rfe8 25. g4 Ne7 26. Qd2 Nd5 27. Ba1 Qc7 28. Qh6 f6 29. Rfe1 Qf4 30. Qxf4 Nxf4 31. Bxf6 Nxh3+ 32. Kg2 Nf4+ 33. Kg3 Kf7 34. Be5 Nd5 35. Rh1 Nf6 36. f3 1-0


[Site "https://www.chess.com"]

[Event "Titled Tuesday Blitz June 6 Early 2023"]
[White "Alexanian, Nelli"]
[Black "Kuzmin, Roman"]
[WhiteFideId "4170539"]
[BlackFideId "44134932"]
[WhiteElo "2050"]
[BlackElo "2122"]
[Result "0-1"]
[Round "1"]
[TimeControl "180+2"]
[Date "2023.06.06"]
[WhiteClock "0:00:46"]
[BlackClock "0:01:09"]
[Board "205"]

1. d4 Nf6 2. c4 e6 3. Nc3 d5 4. cxd5 exd5 5. Bg5 Nbd7 6. e3 c6 7. Bd3 Be7 8. Qc2 O-O 9. Nf3 Re8 10. O-O Nf8 11. a3 a5 12. Rab1 Ng6 13. b4 Bd6 14. b5 h6 15. Bxf6 Qxf6 16. bxc6 bxc6 17. Rb6 Bg4 18. Bxg6 fxg6 19. Ne5 Bxe5 20. dxe5 Rxe5 21. Nxd5 Rxd5 22. Qc4 Bd7 23. e4 Qd4 24. Rxc6 Bxc6 25. Qxc6 Rdd8 0-1


[Site "https://www.chess.com"]

[Event "Titled Tuesday Blitz June 6 Early 2023"]
[White "Camacho Collados, Jose"]
[Black "White, John S."]
[WhiteFideId "2265427"]
[BlackFideId "2502348"]
[WhiteElo "2212"]
[BlackElo "1984"]
[Result "1-0"]
[Round "1"]
[TimeControl "180+2"]
[Date "2023.06.06"]
[WhiteClock "0:01:15"]
[BlackClock "0:00:20"]
[Board "206"]

1. e4 e6 2. d4 d5 3. exd5 exd5 4. Nf3 Nf6 5. Bd3 Be6 6. O-O Bd6 7. Ng5 O-O 8. Nxe6 fxe6 9. Bg5 Qd7 10. Nd2 c5 11. c3 Nc6 12. Nf3 cxd4 13. cxd4 Rac8 14. Re1 Na5 15. b3 Rc3 16. Qd2 Rfc8 17. h3 Bb4 18. Ne5 Qe8 19. Bxf6 gxf6 20. Qh6 R8c7 21. Qxf6 Rg7 22. a3 Nxb3 23. axb4 Nxa1 24. Rxa1 a6 25. Re1 Rb3 26. Re3 Rxb4 27. Ng4 Kh8 28. Rxe6 Qg8 29. Qe5 Ra4 30. Re8 Ra1+ 31. Kh2 Qxe8 32. Qxe8+ Rg8 33. Qe5+ Rg7 34. Nh6 1-0


[Site "https://www.chess.com"]

[Event "Titled Tuesday Blitz June 6 Early 2023"]
[White "Porat, Tori"]
[Black "Pinheiro, Iung Alicio de O."]
[WhiteFideId "30982626"]
[BlackFideId "2104350"]
[WhiteElo "1752"]
[BlackElo "2283"]
[Result "0-1"]
[Round "1"]
[TimeControl "180+2"]
[Date "2023.06.06"]
[WhiteClock "0:00:01"]
[BlackClock "0:00:19"]
[Board "207"]

1. d4 Nf6 2. c4 e6 3. Nf3 Bb4+ 4. Nc3 b6 5. g3 Bb7 6. Bg2 Ne4 7. Qc2 f5 8. O-O Bxc3 9. bxc3 Nc6 10. d5 Na5 11. dxe6 dxe6 12. Rd1 Qf6 13. Qa4+ Bc6 14. Qb4 Qxc3 15. Bd2 Qxb4 16. Bxb4 Nxc4 17. Nd4 Bd5 18. Nb5 c5 19. Be1 Kf7 20. f3 Nf6 21. Bc3 Rhd8 22. Kf2 Bc6 23. Nc7 Rac8 24. Rxd8 Rxd8 25. f4 Bxg2 26. Kxg2 Ne4 27. Rc1 Ne3+ 28. Kf3 Nd5 29. Nxd5 Rxd5 30. e3 Rd3 31. Be5 g5 32. Bb8 Ra3 33. Rc2 g4+ 34. Kg2 b5 35. Rb2 b4 36. Bc7 a5 37. Bb6 a4 38. Rc2 b3 39. axb3 axb3 40. Rc1 b2 41. Rb1 Rb3 42. Ba5 c4 43. Be1 c3 44. Kg1 c2 45. Rxb2 Rxb2 46. Kf1 c1=Q 0-1


[Site "https://www.chess.com"]

[Event "Titled Tuesday Blitz June 6 Early 2023"]
[White "Liu, Casper"]
[Black "Skiadopoulos, Nikolaos"]
[WhiteFideId "1454153"]
[BlackFideId "4200772"]
[WhiteElo "2221"]
[BlackElo "2022"]
[Result "1-0"]
[Round "1"]
[TimeControl "180+2"]
[Date "2023.06.06"]
[WhiteClock "0:01:37"]
[BlackClock "0:00:50"]
[Board "208"]

1. e4 c5 2. b4 b6 3. bxc5 bxc5 4. c3 Nf6 5. e5 Nd5 6. g3 g6 7. Bg2 e6 8. Qb3 Bg7 9. c4 Bxe5 10. Bb2 Bxb2 11. Qxb2 O-O 12. cxd5 exd5 13. Bxd5 Nc6 14. Nc3 Nb4 15. Kf1 Ba6+ 16. Kg2 Nxd5 17. Nxd5 f5 18. Nf3 Rb8 19. Qe5 Bb7 20. Rhe1 f4 21. Kg1 fxg3 22. Ne7+ Kf7 23. Ng5+ 1-0


[Site "https://www.chess.com"]

[Event "Titled Tuesday Blitz June 6 Early 2023"]
[White "Butolo, Alexandru-Mircea"]
[Black "Jaskolka, Tomasz"]
[WhiteFideId "1261649"]
[BlackFideId "1170791"]
[WhiteElo "1850"]
[BlackElo "2155"]
[Result "0-1"]
[Round "1"]
[TimeControl "180+2"]
[Date "2023.06.06"]
[WhiteClock "0:00:01"]
[BlackClock "0:00:06"]
[Board "209"]

1. d4 d5 2. c4 e5 3. dxe5 d4 4. Nf3 Nc6 5. a3 a5 6. e3 Bc5 7. exd4 Bxd4 8. Be2 Bf5 9. O-O Bxe5 10. Nxe5 Nxe5 11. Bf4 Nc6 12. Nc3 Nf6 13. Bf3 O-O 14. Bxc6 bxc6 15. Qf3 Qd7 16. h3 Rab8 17. Rfe1 Rfe8 18. Bxc7 Rxe1+ 19. Rxe1 Rxb2 20. Bxa5 Be6 21. Rd1 Qe7 22. Rd8+ Ne8 23. Qxc6 Kf8 24. Bb4 Rxb4 25. axb4 Qxd8 26. Nd5 Bxd5 27. cxd5 Qd6 28. b5 Qe5 29. Qc5+ Qd6 30. Qc6 Ke7 31. Qb7+ Qc7 32. Qa6 Nd6 33. b6 Qc1+ 34. Kh2 Qb2 35. Qa7+ Kf6 36. Qc7 Qe5+ 37. g3 Qxd5 38. b7 Nxb7 39. Qf4+ Ke7 40. Qc7+ Qd7 41. Qe5+ Kf8 42. Qb8+ Nd8 43. Qb4+ Kg8 44. Qf4 h6 45. h4 Ne6 46. Qb8+ Qd8 47. Qe5 Qd4 48. Qe2 g6 49. Kg2 Kg7 50. Kh2 Qd5 51. Qe3 Nd4 52. Kh3 Qf5+ 53. Kg2 Qd5+ 0-1


[Site "https://www.chess.com"]

[Event "Titled Tuesday Blitz June 6 Early 2023"]
[White "Trifan, Andrei Ioan"]
[Black "Sanchez, Robert"]
[WhiteFideId "12967068"]
[BlackFideId "2034360"]
[WhiteElo "2208"]
[BlackElo "1795"]
[Result "1-0"]
[Round "1"]
[TimeControl "180+2"]
[Date "2023.06.06"]
[WhiteClock "0:00:58"]
[BlackClock "0:00:41"]
[Board "210"]

1. e4 e6 2. d4 d5 3. Nc3 Nf6 4. e5 Ne4 5. Nce2 f6 6. h4 Nxf2 7. Kxf2 c5 8. Nf3 Nc6 9. exf6 Qxf6 10. c3 h6 11. Bf4 Be7 12. Be5 Nxe5 13. dxe5 Qf7 14. Qc2 O-O 15. Ng3 Bd7 16. Bd3 Bc6 17. h5 c4 18. Bg6 Qf4 19. Ne2 Bc5+ 20. Ke1 Qe3 21. Rf1 d4 22. Qd2 Rxf3 23. gxf3 Qg5 24. Qxg5 1-0


[Site "https://www.chess.com"]

[Event "Titled Tuesday Blitz June 6 Early 2023"]
[White "Nihal Sarin"]
[Black "Aldokhin, Ivan"]
[WhiteFideId "25092340"]
[BlackFideId "24115720"]
[WhiteElo "2689"]
[BlackElo "2322"]
[Result "1-0"]
[Round "2"]
[TimeControl "180+2"]
[Date "2023.06.06"]
[WhiteClock "0:00:05"]
[BlackClock "0:00:02"]
[Board "1"]

1. Nf3 Nf6 2. c4 g6 3. b3 Bg7 4. Bb2 O-O 5. g3 d6 6. Bg2 e5 7. d3 Nc6 8. O-O Bg4 9. Nc3 Qd7 10. Re1 Rae8 11. Nd2 Bh3 12. Bh1 Ng4 13. Nd5 f5 14. e3 g5 15. b4 Nd8 16. b5 Qf7 17. f3 Nf6 18. Nxf6+ Bxf6 19. Bg2 Bxg2 20. Kxg2 Ne6 21. a4 Nc5 22. Ra3 e4 23. Bxf6 Qxf6 24. d4 exf3+ 25. Qxf3 Ne4 26. Ra2 g4 27. Qf1 Ng5 28. a5 Re6 29. Qf4 Nh3 30. Qf1 Rfe8 31. e4 f4 32. gxf4 Nxf4+ 33. Kh1 Qg5 34. Ra3 Ng6 35. Qg2 h5 36. Nf3 Qf4 37. Nd2 Rf6 38. Rf1 Qg5 39. Rxf6 Qxf6 40. e5 dxe5 41. Ne4 Qf4 42. d5 Qc1+ 43. Qg1 Qxa3 44. Nf6+ Kf7 45. Nxe8 Qf3+ 46. Qg2 Kxe8 47. c5 Nf4 48. Qxf3 gxf3 49. Kg1 e4 50. b6 axb6 51. c6 bxa5 52. cxb7 e3 53. b8=Q+ Kd7 54. Qb5+ Kd6 55. Qc6+ Ke5 56. Qxc7+ Ke4 57. Qc4+ Ke5 58. d6 f2+ 59. Kf1 e2+ 60. Kxf2 Kxd6 61. Qxf4+ Kd5 62. Kxe2 1-0


[Site "https://www.chess.com"]

[Event "Titled Tuesday Blitz June 6 Early 2023"]
[White "Jain Kashish Manoj"]
[Black "Naroditsky, Daniel"]
[WhiteFideId "35081098"]
[BlackFideId "2026961"]
[WhiteElo "2181"]
[BlackElo "2632"]
[Result "0-1"]
[Round "2"]
[TimeControl "180+2"]
[Date "2023.06.06"]
[WhiteClock "0:00:24"]
[BlackClock "0:01:58"]
[Board "2"]

1. c4 e5 2. Nc3 Bb4 3. g3 Nf6 4. Bg2 O-O 5. Nf3 Re8 6. O-O e4 7. Nd4 d6 8. Nc2 Bxc3 9. dxc3 h6 10. Ne3 Nbd7 11. Nd5 Nb6 12. b3 Nfxd5 13. cxd5 Qf6 14. Bb2 Qe5 15. Qc2 Qxd5 16. c4 Qf5 17. Rad1 Bd7 18. Rd4 Bc6 19. b4 a6 20. b5 axb5 21. cxb5 Qxb5 22. Bc3 Ra4 23. Rb1 Qc5 24. Rxa4 Nxa4 0-1


[Site "https://www.chess.com"]

[Event "Titled Tuesday Blitz June 6 Early 2023"]
[White "Nepomniachtchi, Ian"]
[Black "Bodnaruk, Anastasia"]
[WhiteFideId "4168119"]
[BlackFideId "4181751"]
[WhiteElo "2781"]
[BlackElo "2304"]
[Result "1-0"]
[Round "2"]
[TimeControl "180+2"]
[Date "2023.06.06"]
[WhiteClock "0:00:24"]
[BlackClock "0:00:02"]
[Board "3"]

1. e4 c5 2. Nf3 d6 3. d4 cxd4 4. Nxd4 Nf6 5. Nc3 a6 6. Be2 e5 7. Nb3 Be7 8. O-O O-O 9. Be3 Be6 10. Re1 Nbd7 11. a3 Qc7 12. a4 Nc5 13. Nxc5 dxc5 14. Bf3 c4 15. Bg5 Rfd8 16. Qe2 h6 17. Bxf6 Bxf6 18. Rad1 Rd4 19. Nd5 Bxd5 20. exd5 c3 21. b3 Rd8 22. g3 g6 23. h4 h5 24. Kg2 Kg7 25. Be4 Qc5 26. Qf3 Be7 27. Rxd4 exd4 28. Bd3 Bf6 29. d6 Qc6 30. Qxc6 bxc6 31. Bxa6 Rxd6 32. Bd3 Bd8 33. b4 c5 34. b5 Ba5 35. Bc4 Kf8 36. Kf3 Bb4 37. Ke2 Ba5 38. Kd3 Rd7 39. Re5 Bb6 40. f4 Re7 41. Ke4 f6 42. Rxe7 Kxe7 43. f5 g5 44. Kd5 Kd7 45. hxg5 fxg5 46. f6 h4 47. gxh4 gxh4 48. Bf1 1-0


[Site "https://www.chess.com"]

[Event "Titled Tuesday Blitz June 6 Early 2023"]
[White "Turayev, Shahruh"]
[Black "Martinez Alcantara, Jose Eduardo"]
[WhiteFideId "14003856"]
[BlackFideId "3805662"]
[WhiteElo "2113"]
[BlackElo "2711"]
[Result "0-1"]
[Round "2"]
[TimeControl "180+2"]
[Date "2023.06.06"]
[WhiteClock "0:00:03"]
[BlackClock "0:00:10"]
[Board "4"]

1. d4 Nf6 2. c4 e6 3. g3 Bb4+ 4. Bd2 c5 5. Bxb4 cxb4 6. Nf3 b6 7. Bg2 Bb7 8. O-O a5 9. a3 Na6 10. Nbd2 O-O 11. Qc2 d6 12. e4 Qc7 13. e5 dxe5 14. dxe5 Nd7 15. Rfe1 h6 16. h4 Rad8 17. Ne4 Nac5 18. Nxc5 Nxc5 19. axb4 Nd3 20. Red1 Nxb4 21. Qe2 Nc6 22. h5 Ba6 23. b3 Bb7 24. Qe3 Nb4 25. Rac1 Na2 26. Ra1 Nb4 27. Rac1 Na6 28. Nd4 Bxg2 29. Kxg2 Nc5 30. Nb5 Qc6+ 31. Kh2 Rd7 32. Rd6 Rxd6 33. exd6 Rd8 34. Rd1 Rd7 35. Rd4 Kf8 36. Rg4 f6 37. Rd4 Rd8 38. Rd2 Qd7 39. Qc3 e5 40. Qc2 Qg4 41. Qh7 Qxh5+ 42. Kg2 Qf7 43. Nc7 Rd7 44. Rd5 Nb7 45. Qd3 Kg8 46. Qf5 Nxd6 47. Qd3 Rxc7 48. Rxd6 f5 49. Rd8+ Kh7 50. g4 e4 51. Qd6 fxg4 52. Rf8 Qe7 53. Qf4 Rc5 54. Qb8 e3 55. Rh8+ Kg6 56. Re8 Qd7 57. Rxe3 Qc6+ 58. Kh2 Qc7+ 59. Qxc7 Rxc7 60. Re6+ Kg5 61. Rxb6 Rf7 62. Kg2 Rf3 63. Rb5+ Kh4 64. c5 Rc3 65. Rxa5 Rxb3 66. Ra7 g5 67. Ra6 Kh5 68. c6 Rc3 69. Rb6 Rc4 70. Kg3 Rc1 71. Kg2 Rc3 72. Ra6 Kg6 73. c7+ Kg7 74. Ra7 Kg6 75. Ra6+ Kh5 76. Ra7 Rc4 77. Kg3 Rc3+ 78. Kg2 Kh4 79. Kh2 Rc2 80. Kg1 g3 81. fxg3+ Kh3 82. Kf1 Kxg3 83. Ra3+ Kh4 84. Ra4+ g4 85. Ra7 h5 86. Kg1 g3 87. Ra4+ Kh3 88. Ra5 Rc1# 0-1


[Site "https://www.chess.com"]

[Event "Titled Tuesday Blitz June 6 Early 2023"]
[White "Duda, Jan-Krzysztof"]
[Black "Sielecki, Christof"]
[WhiteFideId "1170546"]
[BlackFideId "4620437"]
[WhiteElo "2783"]
[BlackElo "2443"]
[Result "1-0"]
[Round "2"]
[TimeControl "180+2"]
[Date "2023.06.06"]
[WhiteClock "0:00:29"]
[BlackClock "0:00:09"]
[Board "5"]

1. d4 d5 2. c4 e6 3. Nf3 Nf6 4. g3 dxc4 5. Bg2 c5 6. O-O Nc6 7. Na3 cxd4 8. Nxc4 Be7 9. b3 O-O 10. Bb2 Bd7 11. Nxd4 Nd5 12. Rc1 Rc8 13. Nb5 Be8 14. e4 Ndb4 15. Qg4 Bf6 16. Rcd1 Qe7 17. Nbd6 Rd8 18. e5 Bg5 19. f4 Bh6 20. a4 a6 21. h4 b5 22. axb5 axb5 23. Na3 Nd5 24. Bxd5 exd5 25. Nf5 Qe6 26. Nxb5 Qg6 27. Qxg6 hxg6 28. Nxh6+ gxh6 29. Ba3 Nxe5 30. Nc3 Ng4 31. Bxf8 Kxf8 32. Rxd5 Rc8 33. Rd3 Bc6 34. b4 Nf6 35. b5 Bb7 36. Re1 Ng4 37. Kf1 Kg7 38. Ke2 Re8+ 39. Kd2 Rc8 40. Re7 1-0


[Site "https://www.chess.com"]

[Event "Titled Tuesday Blitz June 6 Early 2023"]
[White "Kvaloy, Aksel Bu"]
[Black "Grischuk, Alexander"]
[WhiteFideId "1528815"]
[BlackFideId "4126025"]
[WhiteElo "2318"]
[BlackElo "2721"]
[Result "0-1"]
[Round "2"]
[TimeControl "180+2"]
[Date "2023.06.06"]
[WhiteClock "0:01:01"]
[BlackClock "0:00:25"]
[Board "6"]

1. e4 e6 2. d4 d5 3. Nc3 Bb4 4. Bd2 dxe4 5. Qg4 Nf6 6. Qxg7 Rg8 7. Qh6 Qxd4 8. O-O-O Rg6 9. Qh4 Rg4 10. Qh6 Rg6 11. Qh4 Rg4 12. Qh6 Bf8 13. Qh3 Qxf2 14. Nb5 Na6 15. Be3 Qh4 16. Qxh4 Rxh4 17. Bg5 Bh6 18. Bxh6 Rxh6 19. Ne2 Bd7 20. Nbc3 Nc5 21. Ng3 a5 22. Bc4 Ke7 23. Rhf1 Rg8 24. a3 Rxh2 25. Rxf6 Kxf6 26. Ngxe4+ Nxe4 27. Nxe4+ Ke7 28. Rxd7+ Kxd7 29. Nf6+ Kd6 30. Nxg8 Rxg2 31. Nf6 Ke7 32. Ne4 h5 0-1


[Site "https://www.chess.com"]

[Event "Titled Tuesday Blitz June 6 Early 2023"]
[White "Paravyan, David"]
[Black "Dixit, Nikhil"]
[WhiteFideId "4194985"]
[BlackFideId "5059534"]
[WhiteElo "2563"]
[BlackElo "2207"]
[Result "1-0"]
[Round "2"]
[TimeControl "180+2"]
[Date "2023.06.06"]
[WhiteClock "0:00:23"]
[BlackClock "0:01:10"]
[Board "7"]

1. d4 Nf6 2. c4 g6 3. f3 Bg7 4. e4 d6 5. Nc3 O-O 6. Be3 c6 7. Qd2 a6 8. Rc1 b5 9. a3 Nbd7 10. Bd3 Nb6 11. cxb5 cxb5 12. Nge2 d5 13. e5 Ne8 14. h4 f6 15. h5 Nc4 16. Bxc4 dxc4 17. hxg6 hxg6 18. Bh6 g5 19. Ng3 Bxh6 20. Rxh6 Kg7 21. Rh2 Nc7 22. d5 Rh8 23. Nh5+ Kg6 24. g4 f5 25. e6 Bxe6 26. dxe6 Qxd2+ 27. Kxd2 Nxe6 28. gxf5+ Kxf5 29. Rch1 Rhd8+ 30. Kc1 Nc5 31. Ng3+ Kf4 32. Nge2+ Ke3 33. Kb1 Rd2 34. Nd1+ Kxf3 35. Rf2+ Ke4 36. Nec3+ Kd3 37. Rh3+ Kd4 38. Rxd2+ Ke5 39. Rd5+ Ke6 40. Rxc5 Rd8 41. Re3+ Kf6 42. Rce5 Kg6 43. Re6+ Kh5 44. Nf2 Kh4 45. Nfe4 Kg4 46. Rxe7 Kf4 47. Re2 g4 48. Nf6 g3 49. Nh5+ Kf3 50. Nxg3 1-0


[Site "https://www.chess.com"]

[Event "Titled Tuesday Blitz June 6 Early 2023"]
[White "Martic, Ivan"]
[Black "Korobov, Anton"]
[WhiteFideId "929301"]
[BlackFideId "14105730"]
[WhiteElo "2346"]
[BlackElo "2638"]
[Result "0-1"]
[Round "2"]
[TimeControl "180+2"]
[Date "2023.06.06"]
[WhiteClock "0:00:02"]
[BlackClock "0:00:30"]
[Board "8"]

1. e4 c5 2. Nf3 d6 3. Bb5+ Nd7 4. O-O a6 5. Bd3 Ngf6 6. c3 e5 7. Bc2 Be7 8. d4 O-O 9. a4 Rb8 10. Re1 b5 11. axb5 axb5 12. b4 Qc7 13. Nbd2 Bb7 14. d5 Ra8 15. Rxa8 Rxa8 16. Nb3 c4 17. Na5 Rxa5 18. bxa5 Qxa5 19. Bd2 Nc5 20. Qb1 h6 21. h3 Nfd7 22. Qb4 Qxb4 23. cxb4 Na6 24. Ra1 Bd8 25. Bc3 f5 26. Nd2 Nf6 27. f3 Bb6+ 28. Kh2 Bd4 29. Nb1 Nxb4 30. Bd1 Bxd5 31. exd5 Nbxd5 32. Ra8+ Kf7 33. Ba5 b4 34. Rb8 Bc5 35. Nd2 Nc3 36. Bc2 b3 37. Nxb3 cxb3 38. Bxb3+ Ncd5 39. Bd8 Kg6 40. Bxf6 Nxf6 41. Rb7 h5 42. Bf7+ Kh6 43. h4 e4 44. Be6 e3 45. Rb2 f4 46. g3 d5 47. gxf4 d4 48. Bf5 Nd5 49. Kg1 Nxf4 50. Rb5 e2 51. Kf2 d3+ 52. Rxc5 d2 53. Bc2 e1=Q# 0-1


[Site "https://www.chess.com"]

[Event "Titled Tuesday Blitz June 6 Early 2023"]
[White "Andreikin, Dmitry"]
[Black "Bayo Milagro, Alvaro"]
[WhiteFideId "4158814"]
[BlackFideId "22275240"]
[WhiteElo "2736"]
[BlackElo "2270"]
[Result "1-0"]
[Round "2"]
[TimeControl "180+2"]
[Date "2023.06.06"]
[WhiteClock "0:01:42"]
[BlackClock "0:00:21"]
[Board "9"]

1. d4 Nf6 2. c4 e6 3. Nf3 d5 4. Bg5 Be7 5. e3 O-O 6. Nbd2 h6 7. Bh4 b6 8. cxd5 Nxd5 9. Bxe7 Qxe7 10. Bc4 Bb7 11. Rc1 Rc8 12. O-O Nd7 13. Qe2 c5 14. Ba6 N7f6 15. Bxb7 Qxb7 16. dxc5 Rxc5 17. Rxc5 bxc5 18. Nc4 Qa6 19. b3 Nc3 20. Qb2 Nfe4 21. Nfd2 Rd8 22. Nxe4 Nxe4 23. Rc1 Qb7 24. h3 Qd5 25. Qc2 Nd6 26. Rd1 Qc6 27. Ne5 Qc7 28. g4 Nb7 29. Rxd8+ Nxd8 30. Qe4 Nb7 31. Kf1 Nd6 32. Qc6 Qxc6 33. Nxc6 a6 34. Ke2 Kf8 35. Kd3 Ke8 36. Nb8 a5 37. Nc6 Nb7 38. Kc4 Kd7 39. Ne5+ Ke7 40. Kb5 f6 41. Nc4 f5 42. gxf5 exf5 43. Nxa5 Nxa5 44. Kxa5 g5 45. a4 g4 46. h4 1-0


[Site "https://www.chess.com"]